 Dungeon Crawl Stone Soup version 0.29-a0-1043-g569b05d6ff (webtiles) character file.

Game seed: 12279005590191984580

79 ytrimaz the Insei (level 4, -1/32 HPs)
             Began as a Demonspawn Transmuter on Aug 16, 2022.
             Slain by a gnoll
             ... wielding a +0 spear
              (4 damage)
             ... on level 3 of the Dungeon.
             The game lasted 00:03:47 (3023 turns).

ytrimaz the Insei (Demonspawn Transmuter)           Turns: 3023, Time: 00:03:48

Health: -1/32      AC:  2    Str: 10    XL:     4   Next: 17%
Magic:  6/7        EV: 12    Int: 16    God:
Gold:   176        SH:  0    Dex: 14    Spells: 2/8 levels left

rFire   . . .      SeeInvis .     - Unarmed
rCold   + . .      Faith    .   (no shield)
rNeg    . . .      Spirit   .   a - +0 robe
rPois   .          Reflect  .   (helmet restricted)
rElec   .          Harm     .   (no cloak)
rCorr   +          Rampage  .   (no gloves)
Will    .....                   (no boots)
Stlth   +.........              (no amulet)
HPRegen 0.10/turn               g - ring of resist corrosion
MPRegen 0.10/turn               h - ring of protection from cold

@: wereblooded
A: horns 2, spiny 1
a: no special abilities


You were on level 3 of the Dungeon.
You visited 1 branch of the dungeon, and saw 3 of its levels.

You collected 176 gold pieces.

Inventory:

Armour
 a - a +0 robe (worn)
 e - a +2 leather armour of fire resistance
Jewellery
 f - a ring of ice
 g - a ring of resist corrosion (left hand)
 h - a ring of protection from cold (right hand)
 k - a ring of fire
Scrolls
 j - a scroll of blinking {unknown}
 l - a scroll of identify {unknown}
 m - a scroll of butterflies {unknown}
 p - a scroll of teleportation {unknown}
Potions
 b - a potion of lignification
 c - a potion of flight {unknown}
 d - 3 potions of resistance {unknown}
 i - a potion of ambrosia {unknown}
 n - a potion of heal wounds {unknown}
 o - a potion of brilliance {unknown}


   Skills:
 - Level 1.0 Fighting
 - Level 1.7 Dodging
 - Level 3.1 Unarmed Combat
 - Level 2.5 Spellcasting
 * Level 3.1 Transmutations
 * Level 1.0 Poison Magic


You had 2 spell levels left.
You knew the following spells:

 Your Spells              Type           Power      Damage    Failure   Level
a - Beastly Appendage     Tmut           24%        N/A       5%          1
b - Wereblood             Tmut           12%        N/A       9%          2
c - Spider Form           Tmut/Pois      8%         N/A       26%         3

Your spell library contained the following spells:

 Spells                   Type           Power      Damage    Failure   Level
 Ice Form                 Ice/Tmut       6%         N/A       71%         4


Dungeon Overview and Level Annotations

Branches:
Dungeon (3/15)

Altars:
Xom

Shops:
D:1 [


Innate Abilities, Weirdness & Mutations

You have a pair of horns on your head.
You are partially covered in sharp spines.


Message History

You hit the endoplasm. You claw the endoplasm. You headbutt the endoplasm.
The endoplasm is almost dead.
Your transformation is almost over.
You feel sick. The endoplasm closely misses you.
You hit the endoplasm.
You kill the endoplasm!
You feel sick.
You are no longer poisoned.
Found a scroll labelled OMYM LOEDODUR.
Your talons disappear.
Found a faded altar of an unknown god.
p - a scroll labelled OMYM LOEDODUR You now have 176 gold pieces (gained 14).
A gnoll comes into view. It is wielding a +0 spear.
There is a faded altar of an unknown god here.
A gnoll is nearby!
A gnoll is nearby! 2 gnolls come into view.
Found a gluggy blue potion.
There is a faded altar of an unknown god here.
Found a spear.
Found a stone staircase leading down.
Found a potion of lignification.
Casting: Beastly Appendage (safe; 5% risk of failure)
Confirm with . or Enter, or press ? or * to list all spells.
Your blood is infused with primal strength.
The gnoll hits you from afar with a +0 spear.
There is a stone staircase leading down here.
The gnoll hits you from afar with a +0 spear.
The gnoll hits you with a +0 spear. The gnoll barely misses you.
You hit the gnoll but do no damage. The gnoll is struck by your spines.
The gnoll hits you with a +0 spear.
The gnoll hits you from afar with a +0 spear.
* * * LOW HITPOINT WARNING * * *
You hit the gnoll.
The gnoll is heavily wounded.
The gnoll is struck by your spines. The gnoll hits you with a +0 spear.
* * * LOW HITPOINT WARNING * * *
The gnoll hits you from afar with a +0 spear.
You die...

.......##...)##......#
.......##....##......#
.......##....#########
####+####....######
#)..............!
####.######..###########
#....# #.>g.g........
#.##.## #.####g#######
......# #.# #@# ..###.#
#.# #.# ......# #.# #.#
......# #.. ..# ......#
### ##.# _.....# ###
......## ........
..###.##


You could see 2 gnolls.

Vanquished Creatures
  2 adders (D:3)
  A worm (D:3)
  An orc (D:3)
  5 bats
  9 endoplasms
  3 giant cockroaches
  6 goblins
  4 hobgoblins
  2 jackals (D:2)
  4 kobolds
  3 quokkas
  7 ball pythons
  2 frilled lizards
  2 rats
51 creatures vanquished.

Notes
Turn   | Place    | Note
-------+----------+-------------------------------------------
     0 | D:1      | ytrimaz the Demonspawn Transmuter began the quest for the
                  | Orb.
     0 | D:1      | Reached XP level 1. HP: 15/15 MP: 3/3
   697 | D:1      | Discovered your monstrous ancestry.
   697 | D:1      | Mutation became permanent: You have a pair of small horns
                  | on your head. [demonic ancestry]
   697 | D:1      | Gained mutation: You have a pair of horns on your head.
                  | [demonic ancestry]
   697 | D:1      | Reached XP level 2. HP: 10/21 MP: 3/5
  1104 | D:1      | Found Jojiemi's Antique Armour Boutique.
  1516 | D:2      | Gained mutation: You are partially covered in sharp spines.
                  | [demonic ancestry]
  1516 | D:2      | Reached XP level 3. HP: 19/26 MP: 4/6
  1519 | D:2      | Learned a level 2 spell: Wereblood
  1523 | D:2      | Learned a level 3 spell: Spider Form
  2024 | D:2      | Found a shimmering altar of Xom.
  2837 | D:3      | Gained mutation: You have a pair of horns on your head.
                  | [demonic ancestry]
  2837 | D:3      | Reached XP level 4. HP: 32/32 MP: 5/7
  2872 | D:3      | Reached skill level 1 in Poison Magic
  2978 | D:3      | Found a faded altar of an unknown god.
  3023 | D:3      | Slain by a gnoll

Illustrated notes

Levels and vault maps discovered:
D:1:      minmay_arrival_checkered_box, layout_loops_cross, serial_shops,
          nicolae_shop_trees, minmay_split_cup_large
D:2:      layout_loops_ring, basic_altar
D:3:      layout_basic, hellmonk_ecumenical_altar_lost_god

Skill      XL: |  1  2  3  4 |
---------------+-------------+-----
Transmutations | 2 3 |  3.1
Unarmed Combat | 3 |  3.1
Poison Magic   | 1 |  1.0
Fighting       | |  1.0
Dodging        | |  1.7
Spellcasting   | |  2.5

Action                   |  1- 3 |  4- 6 || total
-------------------------+-------+-------++-------
Melee: Unarmed           |   111 |    11 ||   122
       Kick              |    29 |     1 ||    30
       Headbutt          |    17 |     1 ||    18
       Punch             |     2 |       ||     2
 Cast: Beastly Appendage |    35 |     1 ||    36
       Wereblood         |       |     1 ||     1
 Stab: Sleeping          |     2 |       ||     2
Armor: Robe              |    20 |     1 ||    21
Dodge: Dodged            |    84 |     6 ||    90

Table legend: (Time is in decaauts)
 A = Elapsed time spent in this place.
 B = Non-inter-level travel time spent in this place.
 C = Inter-level travel time spent in this place.
 D = Time resting spent in this place.
 E = Time spent auto-exploring this place.
 F = Levels seen in this place.
 G = Mean time per level.
                   A        B        C        D        E       F      G
               +--------+--------+--------+--------+--------+-----+--------+
         Total |   3013 |   2955 |     58 |    139 |   2339 |   3 | 1004.3 |
       Dungeon |   3013 |   2955 |     58 |    139 |   2339 |   3 | 1004.3 |
               +--------+--------+--------+--------+--------+-----+--------+

Top non-repeatable levels by time:
     D:1: 1505 daAuts
     D:3: 848 daAuts
     D:2: 660 daAuts
